 Dungeon Crawl Stone Soup version 0.22-a0-1003-g31bc37a (webtiles) character file.

569 thesequoiad the Cutter (level 7, -2/49 HPs)
             Began as an Octopode Archaeologist on Dec 28, 2020.
             Killed from afar by a wretched star (21 damage)
             ... with an orb of energy
             ... on level 1 of the Abyss.
             The game lasted 00:19:56 (4984 turns).

thesequoiad the Cutter (Octopode Archaeologist)     Turns: 4984, Time: 00:19:57

Health: -2/49      AC:  2    Str: 11    XL:     7   Next: 33%
Magic:  8/8        EV: 15    Int: 17    God:
Gold:   248        SH:  0    Dex: 11    Spells: 8/8 levels left

rFire    . . .     SeeInvis .   D - +0 long sword
rCold    . . .     Gourm    .   (no shield)
rNeg     + . .     Faith    .   (armour unavailable)
rPois    .         Spirit   .   b - +1 hat
rElec    .         Reflect  .   (cloak unavailable)
rCorr    .         Harm     .   (gloves unavailable)
MR       .....                  (boots unavailable)
Stlth    ++++......             y - amulet of magic regeneration
HPRegen  0.16/turn              (ring unavailable)
MPRegen  0.36/turn              (ring unavailable)
                                q - ring of positive energy
                                (no ring)
                                (no ring)
                                (no ring)
                                (no ring)
                                (no ring)
                                (no ring)
                                (no ring)

@: studying Short Blades
A: almost no armour, stealthy swim, amphibious, 8 rings, constrict 8, camouflage
1, gelatinous body 1
a: no special abilities


You were on level 1 of the Abyss.
You were hungry.
You have taken the pledge of Madness.
You visited 1 branch of the dungeon, and saw 5 of its levels.
You visited the Abyss 1 time.
You also visited: Sewer.

You collected 248 gold pieces.

Inventory:

Hand Weapons
 a - a +2 dagger of venom
 i - a +0 mace
 j - a +0 whip
 t - a +0 hunting sling
 D - a +0 long sword (weapon)
Missiles
 h - 54 bolts
 l - 8 poisoned darts
 u - 114 stones (quivered)
Armour
 b - a +1 hat (worn)
Jewellery
 q - a ring of positive energy (left tentacle)
 y - an amulet of magic regeneration (around mantle)
 A - an uncursed amulet of faith
Wands
 C - a wand of clouds (5)
Scrolls
 e - 7 scrolls of identify
 g - a scroll of recharging {unknown}
 k - a scroll of teleportation {unknown}
 n - a scroll of amnesia {unknown}
 o - a scroll of remove curse
 r - 2 scrolls of noise {unknown}
 v - a scroll of immolation {unknown}
 z - 3 scrolls of magic mapping
 B - a scroll of enchant weapon {unknown}
Potions
 m - 5 potions of brilliance
 p - 2 potions of agility
 s - a potion of restore abilities {unknown}
 w - 3 potions of flight
 x - a potion of resistance {unknown}
 F - 2 potions of might
 G - a potion of curing
Books
 c - a manual of Short Blades
Miscellaneous
 d - an ancient crate
Comestibles
 f - 8 rations


   Skills:
 + Level 4.5 Fighting
 * Level 6.1 Short Blades
 + Level 4.5 Dodging
 + Level 4.8 Stealth
 - Level 1.0 Spellcasting


You had 8 spell levels left.
You didn't know any spells.
Your spell library was empty.

Dungeon Overview and Level Annotations

Branches:
Dungeon (5/15)
 Temple: D:4-7

Altars:
Dithmenos

Shops:
D:5 [

Annotations:
D:5 Dowan, Duvessa


Innate Abilities, Weirdness & Mutations

You cannot wear most types of armour.
You are very stealthy in the water. (Stealth+)
You are amphibious.
You can wear up to eight rings at the same time.
You can use your tentacles to constrict eight enemies at once.
Your skin changes colour to match your surroundings (Stealth+).
Your rubbery body absorbs attacks. (AC +1, EV +1)


Message History

Press: ? - help, Dir - move target cursor, f - wretched star
Aim: a wretched star You create a blast of noxious fumes!
Unknown command.
Wield which item (- for none, * to show all)? (? for menu, Esc to quit)
Your +2 dagger of venom stops dripping with poison.
D - a +0 long sword (weapon)
You feel better.
The wretched star glows turbulently.
The orb of energy hits you!
* * * LOW HITPOINT WARNING * * *
The orb of energy explodes!
You hear a roar!
Okay, then.
As you read the scroll labeled DANWIEN LAUFUB, it crumbles to dust.
You feel momentarily disoriented.
It was a scroll of magic mapping.
You feel better.
The wretched star glows turbulently.
The orb of energy hits you!
You die...

##.. .# ≈≈'...#.
#. # .#..≈≈ .#
## # ##....≈≈#..
. ##..#≈≈.#.∩..
.# ##..§§≈..# ..
#.#.§#≈≈.#. #
######§#..≈≈##''
#...§*5..≈≈.#
... #.##@# . .
≈#≈..
#.#..#≈≈≈.≈ ....
#.#...≈≈≈..≈ ..#
#.#.. .≈. ≈ ...#
....≈..≈..≈ ..
#.#.....≈..
#.####. ## ...
..#


You could see a wretched star and a white imp.

Vanquished Creatures
  2 scorpions (D:4)
  3 orc priests (D:4)
  4 orc wizards
  An iguana (D:4)
  A worker ant (D:4)
  5 adders
  3 gnolls (D:5)
  2 oozes (Sewer)
  5 worms
  2 dart slugs (D:4)
  2 leopard geckos (D:3)
  15 orcs
  3 ball pythons (Sewer)
  6 bats
  7 giant cockroaches
  9 goblins
  5 hobgoblins
  4 quokkas
  6 frilled lizards
  A giant cockroach zombie (D:5)
  A jackal zombie (D:5)
  15 kobolds
  A leopard gecko zombie (D:5)
  11 rats
114 creatures vanquished.

Notes
Turn   | Place    | Note
-------+----------+-------------------------------------------
     0 | D:1      | thesequoiad the Octopode Archaeologist began the quest for the Orb.
     0 | D:1      | Reached XP level 1. HP: 16/16 MP: 1/1
   563 | D:1      | Reached XP level 2. HP: 9/21 MP: 2/2
  1324 | D:2      | Reached XP level 3. HP: 26/26 MP: 4/4
  1350 | D:2      | Reached skill level 1 in Spellcasting
  1438 | D:2      | Reached skill level 1 in Short Blades
  1994 | D:3      | Reached XP level 4. HP: 31/31 MP: 5/5
  2099 | D:3      | Reached skill level 2 in Short Blades
  2348 | D:3      | Reached skill level 3 in Short Blades
  2348 | D:3      | Reached XP level 5. HP: 34/37 MP: 5/6
  2827 | D:4      | Reached skill level 4 in Short Blades
  3029 | D:4      | Reached XP level 6. HP: 43/43 MP: 7/7
  3394 | D:4      | Reached skill level 5 in Short Blades
  3823 | D:4      | Reached XP level 7. HP: 49/49 MP: 8/8
  4063 | D:5      | Entered Level 5 of the Dungeon
  4082 | D:5      | Found a shadowy altar of Dithmenos.
  4149 | D:5      | Noticed Dowan
  4150 | D:5      | Noticed Duvessa
  4282 | D:5      | Found Dadimoil's Armour Emporium.
  4331 | D:5      | Reached skill level 6 in Short Blades
  4492 | D:5      | Found a glowing drain.
  4501 | Sewer    | Entered a sewer
  4934 | Sewer    | Cast into level 1 of the Abyss (big kobold)
  4955 | Abyss:1  | Noticed a wretched star
  4984 | Abyss:1  | Killed from afar by a wretched star

Vault maps used:
D:1:      ncdulo_smallfort, serial_bayou_ford_a
D:2:      first_ration
D:4:      hex_tiny, hangedman_decor_diamond_cutter
D:5:      lemuel_round_altar, minmay_overflow_temple_hex, kennysheep_mini,
          serial_shops, nicolae_shop_trees, cheibrodos_sewer_entry_sluice,
          grunt_decor_cap, grunt_dithmenos_shadows, uniq_duvessa, uniq_grinder
Sewer:    kennysheep_pipe_town

Skill      XL: |  1  2  3  4  5  6  7 |
---------------+----------------------+-----
Stealth        | 2 3 4 |  4.8
Spellcasting   | 1 |  1.0
Short Blades   | 1 3 4 5 6 |  6.1
Fighting       | 4 |  4.5
Dodging        | 4 |  4.5

Action                   |  1- 3 |  4- 6 |  7- 9 || total
-------------------------+-------+-------+-------++-------
Melee: Whip              |    25 |       |       ||    25
       Tentacles         |    13 |    17 |    16 ||    46
       Constrict         |    19 |    22 |    19 ||    60
       Dagger            |    51 |    90 |    85 ||   226
       Mace              |     2 |       |     6 ||     8
Evoke: Wand              |       |       |     1 ||     1
  Use: Scroll            |     2 |     2 |     3 ||     7
       Potion            |       |       |     3 ||     3
 Stab: Sleeping          |     9 |    14 |     5 ||    28
  Eat: Chunk             |     3 |     6 |     3 ||    12
Armor: Skin              |     5 |     3 |    11 ||    19
Dodge: Dodged            |    38 |    46 |    79 ||   163

Table legend:
 A = Spawn XP
 B = Non-spawn XP
 C = Spawn XP percentage of total XP
 D = Spawn monster count
 E = Non-spawn monster count
 F = Spawn count percentage of total count
 G = Total turns spent on level
                    A         B        C        D         E        F      G
               +---------+---------+-------+---------+---------+-------+---------
         Total |       0 |     813 |   0.0 |       0 |     114 |   0.0 |  4984
               +---------+---------+-------+---------+---------+-------+---------
           D:1 |       0 |      26 |   0.0 |       0 |      15 |   0.0 |  1212
           D:2 |       0 |      53 |   0.0 |       0 |      22 |   0.0 |   754
           D:3 |       0 |      94 |   0.0 |       0 |      23 |   0.0 |   911
           D:4 |       0 |     446 |   0.0 |       0 |      25 |   0.0 |  1186
           D:5 |       0 |     144 |   0.0 |       0 |      12 |   0.0 |   438
         Sewer |       0 |      50 |   0.0 |       0 |      17 |   0.0 |   433
               +---------+---------+-------+---------+---------+-------+---------
